 Dungeon Crawl Stone Soup version 0.11.3 (console) character file.

305 Lightli the Changer (level 5, -6/29 HPs)
             Began as a Deep Elf Stalker on July 4, 2022.
             Mangled by a gnoll
             ... wielding a +1,+0 spear of returning
              (11 damage)
             ... on Level 3 of the Dungeon.
             The game lasted 00:10:49 (2975 turns).

Lightli the Changer (Deep Elf Stalker)              Turns: 2975, Time: 00:10:49

HP  -6/29        AC  3     Str  7      XL: 5   Next: 46%
MP  15/15        EV 13     Int 18      God:
Gold 110         SH  0     Dex 16      Spells:  2 memorised, 10 levels left

Res.Fire  : . . .   See Invis. : .   m - -1,+3 orc dagger
Res.Cold  : . . .   Warding    : +   b - +0 elf robe
Life Prot.: + . .   Conserve   : .   (no shield)
Res.Poison: .       Res.Corr.  : .   (no helmet)
Res.Elec. : .       Clarity    : .   u - +0 elf cloak
Sust.Abil.: . .     Spirit.Shd : .   (no gloves)
Res.Mut.  : .       Stasis     : .   (no boots)
Res.Rott. : .       Ctrl.Telep.: .   n - amulet of warding {unknown}
Saprovore : . . .   Levitation : .   (no ring) Ctrl.Flight: .
                                     (no ring)

@: very slightly contaminated, slightly resistant to hostile enchantments,
stealthy
A: no striking features
a: no special abilities


You were on level 3 of the Dungeon.
You were not hungry.

You visited 1 branch of the dungeon, and saw 3 of its levels.

You collected 90 gold pieces.

Inventory:

Hand weapons
 a - a +3,+2 elven dagger {=f}
 m - a -1,+3 orcish dagger (weapon)
 v - a -1,+3 orcish hand axe of freezing (quivered)
Armour
 b - a +0 elven robe (worn)
 u - a +0 elven cloak (worn)
Magical devices
 s - a wand of confusion (0)
Comestibles
 f - 2 bread rations
Scrolls
 k - a scroll of teleportation
 p - a scroll of curse weapon
 t - a scroll of remove curse
Jewellery
 h - an uncursed ring of hunger {unknown}
 n - an amulet of warding (around neck) {unknown}
Potions
 e - a potion of confusion
 g - 2 potions of resistance
 q - a potion of paralysis {unknown}
 w - a potion of gain intelligence {unknown}
Books
 d - a book of Stalking

   Spells                             Type                      Level
   *Fulsome Distillation              Transmutation/Necromancy     1
   *Evaporate                         Fire/Transmutation           2
   Passwall                           Transmutation/Earth          3
   Petrify                            Transmutation/Earth          4
   Dig                                Transmutation/Earth          4


   Skills:
 - Level 0.7 Fighting
 - Level 1.0 Short Blades
 - Level 2.4 Dodging
 - Level 2.4 Stealth
 - Level 2.1 Stabbing
 + Level 4.5 Spellcasting
 - Level 5.0 Transmutations


You had 10 spell levels left.
You knew the following spells:

 Your Spells              Type           Power        Failure   Level  Hunger
a - Fulsome Distillation  Trmt/Necr      N/A          6%          1    None
b - Evaporate             Fire/Trmt      ###....      10%         2    #......


Dungeon Overview and Level Annotations

Branches:
Dungeon (3/27)

Altars:
the Shining One

Annotations
D:3 Sigmund


Message History

The hobgoblin is heavily wounded.
The hobgoblin hits you but does no damage.
The gnoll closely misses you.
You barely miss the hobgoblin.
The hobgoblin is heavily wounded.
The hobgoblin hits you with an orcish club.
The gnoll hits you from afar with a spear!
* * * LOW HITPOINT WARNING * * *
The gnoll hits you from afar with a glowing spear.
* * * LOW HITPOINT WARNING * * *
Read which item? (? for menu, Esc to quit)
Blink to where?
Press: ? - help, Dir - move target cursor, f - you Are you sure you want to cancel this blink?
Blink to where?
Press: ? - help, Dir - move target cursor
As you read the scroll of blinking, it crumbles to dust.
You are very lightly contaminated with residual magic.
The gnoll hits you with a glowing spear!
You die...

.# #.#.# #...#.###P≈PP..g..g,,,,,
.###.#.# #...#.####.##.#####*****
......)###...#......#*,*
###....).....########*,*
#*#######.#.#...#.g.#*,**********
..........#)##..#§#.#*,,,,,,,,,,,
#*#######.#.##..#.#.#*,,,,,,,, ,,
* #...##..#g#g#*,,,,,,,,,,, ,*
#.##....@.#.#*,,,,,,,,,,, ,*
#.##.##.###.#*,,,,,,,,,,, ,**
#.##.##.g...#*,,,,,,,,,,,
,,,*****#.##.########*,,,,,,,>,,,
,,,+,,,,...P.P, ,,,,,,,***+*** **
,,,*****##,≈≈≈,,******** *,* ,,,*
*,≈g≈.≈,,,,,,* *,* ,,,*
**≈≈P≈≈≈,***,* *,* ,,,*
*.≈≈≈≈.≈,***,* *,*


You could see a gnoll and a hobgoblin.

Vanquished Creatures
  The ghost of Lightli the Changer, a weakling DESt (D:3)
  An orc priest (D:3)
  2 orc wizards (D:3)
  A gnoll (D:3)
  3 adders
  6 orcs
  A ball python (D:3)
  4 giant cockroaches
  8 hobgoblins
  A quokka (D:2)
  2 bats (D:3)
  2 giant geckos
  8 giant newts
  3 goblins
  4 kobolds
  5 rats
52 creatures vanquished.

Vanquished Creatures (others)
  A ball python (D:2)
1 creature vanquished.

Grand Total: 53 creatures vanquished

Notes
Turn   | Place    | Note
--------------------------------------------------------------
     0 | D:1      | Lightli, the Deep Elf Stalker, began the quest for the Orb.
     0 | D:1      | Reached XP level 1. HP: 12/12 MP: 2/2
   260 | D:1      | Reached skill level 3 in Transmutations
   263 | D:1      | Reached XP level 2. HP: 13/16 MP: 4/4
   281 | D:1      | Found a glowing golden altar of the Shining One.
   892 | D:1      | Learned a level 2 spell: Evaporate
  1213 | D:2      | Reached XP level 3. HP: 18/20 MP: 7/7
  1494 | D:3      | Noticed Lightli's ghost (weakling DESt)
  1603 | D:2      | Reached skill level 4 in Transmutations
  1784 | D:3      | Noticed Sigmund
  1878 | D:3      | Killed Lightli's ghost
  1878 | D:3      | Reached skill level 5 in Transmutations
  1878 | D:3      | Reached XP level 4. HP: 22/25 MP: 9/9
  2704 | D:3      | Reached XP level 5. HP: 22/29 MP: 7/14
  2975 | D:3      | Mangled by a gnoll
